[Event "FIDE Zonal 4-2 Women 2023"]
[Site "Dimbroko"]
[Date "2023.03.27"]
[Round "1.1"]
[White "Rodriguez Guevara, Celia M."]
[Black "Oyenga, Justine Anassika"]
[Result "1-0"]
[ECO "C50"]
[WhiteElo "1777"]
[BlackElo "1187"]
[Annotator "NA RC COMBH"]
[PlyCount "39"]
[EventDate "2023.03.25"]
[EventType "swiss"]
[SourceTitle "playchess.com"]
[Source "ChessBase"]
[SourceQuality "1"]
[TimeControl "40/5400+30:1800+30"]

1. e4 e5 2. Nf3 Nc6 3. Bc4 f6 4. c3 Bc5 5. d4 Bb6 6. dxe5 Nxe5 7. Nxe5 fxe5 8. Qh5+ g6 9. Qxe5+ Qe7 10. Qxh8 Qxe4+ 11. Be2 Qf5 12. Qxg8+ Qf8 13. Qxf8+ Kxf8 14. Bh6+ Kf7 15. Bg4 Bc5 16. Nd2 b5 17. O-O-O Bxf2 18. Rhf1 Ke7 19. Rxf2 Bb7 20. Ne4 1-0

[Event "FIDE Zonal 4-2 Women 2023"]
[Site "Dimbroko"]
[Date "2023.03.27"]
[Round "1.2"]
[White "Ayemou Akissi Victoire Sinchie"]
[Black "Marochkina, Nadezhda Valerevna"]
[Result "1-0"]
[ECO "B18"]
[WhiteElo "1177"]
[BlackElo "1689"]
[Annotator "NA RC COMBH"]
[PlyCount "99"]
[EventDate "2023.03.25"]
[EventType "swiss"]
[SourceTitle "playchess.com"]
[Source "ChessBase"]
[SourceQuality "1"]
[TimeControl "40/5400+30:1800+30"]

1. e4 c6 2. d4 d5 3. Nc3 dxe4 4. Nxe4 Bf5 5. Ng3 Bg6 6. Nf3 e6 7. Bd3 Nf6 8. O-O Qb6 9. b3 Be7 10. Bb2 Nbd7 11. Re1 O-O 12. c4 a5 13. Bxg6 hxg6 14. Qd2 Rfd8 15. h3 a4 16. c5 Nxc5 17. Ba3 Qc7 18. Qb4 Nd5 19. Qc4 Nd7 20. Bxe7 Nxe7 21. bxa4 Nb6 22. Qb3 Ra6 23. a5 Rxa5 24. Rec1 Ra4 25. Rcb1 Ned5 26. Ne4 Rb4 27. Qd1 Rxb1 28. Rxb1 f5 29. Nc5 Re8 30. Qe1 Qe7 31. a4 Ra8 32. a5 Nc8 33. Rxb7 Qf6 34. a6 Ra7 35. Ne5 Nde7 36. Qa5 Kh7 37. Qc7 Ra8 38. a7 Nd5 39. Qd7 Nde7 40. Na4 Nd5 41. Nxc6 Nxa7 42. Rxa7 Rg8 43. Qf7 Qg5 44. Kh2 Qf4+ 45. Kg1 Qc1+ 46. Kh2 Qxc6 47. Nc5 Qd6+ 48. g3 e5 49. Ne6 exd4 50. Ra8 1-0

[Event "FIDE Zonal 4-2 Women 2023"]
[Site "Dimbroko"]
[Date "2023.03.27"]
[Round "1.3"]
[White "Abigail Karyah"]
[Black "Kouassi Edichy Berenice"]
[Result "1-0"]
[ECO "C68"]
[WhiteElo "1620"]
[BlackElo "1128"]
[Annotator "NA RC COMBH"]
[PlyCount "120"]
[EventDate "2023.03.25"]
[EventType "swiss"]
[SourceTitle "playchess.com"]
[Source "ChessBase"]
[SourceQuality "1"]
[TimeControl "40/5400+30:1800+30"]

1. e4 e5 2. Nf3 Nc6 3. Bb5 a6 4. Bxc6 bxc6 5. O-O Bd6 6. d4 f6 7. c4 exd4 8. Qxd4 Qe7 9. Re1 Bb7 10. Nc3 O-O-O 11. a3 c5 12. Qd3 Re8 13. Bd2 Qf7 14. Nd5 Ne7 15. Ba5 Nxd5 16. exd5 Qg6 17. Qxg6 hxg6 18. g3 c6 19. dxc6 Bxc6 20. Nh4 g5 21. Nf5 Be5 22. Nxg7 Re7 23. Nf5 Reh7 24. h4 Kb7 25. Rac1 Bf3 26. Bc3 Bxc3 27. Rxc3 Bg4 28. Nd6+ Kc7 29. Ne4 Rh6 30. f3 Bf5 31. Nxc5 Kb6 32. b4 gxh4 33. gxh4 Rxh4 34. Kf2 Rh2+ 35. Kg3 R2h3+ 36. Kf4 R8h5 37. Re7 Kc6 38. Nxa6 R3h4+ 39. Ke3 Be6 40. b5+ Kd6 41. Rg7 Re5+ 42. Kf2 Bxc4 43. a4 Re2+ 44. Kg3 Rd4 45. Nb8 Be6 46. Ra3 Kc7 47. Na6+ Kb6 48. Rg6 f5 49. Ra1 f4+ 50. Kh4 Rh2+ 51. Kg5 Rd5+ 52. Kxf4 Rf5+ 53. Kg3 Rhh5 54. a5+ Ka7 55. Nc7 Rfg5+ 56. Rxg5 Rxg5+ 57. Kh4 Re5 58. Nxe6 Rxe6 59. b6+ Ka6 60. Rb1 Kb7 1-0

[Event "FIDE Zonal 4-2 Women 2023"]
[Site "Dimbroko"]
[Date "2023.03.27"]
[Round "1.4"]
[White "Princess K. Banney"]
[Black "Ayemou Mazan Emmanuela Esther"]
[Result "0-1"]
[ECO "C68"]
[WhiteElo "1061"]
[BlackElo "1556"]
[Annotator "NA RC COMBH"]
[PlyCount "208"]
[EventDate "2023.03.25"]
[EventType "swiss"]
[SourceTitle "playchess.com"]
[Source "ChessBase"]
[SourceQuality "1"]
[TimeControl "40/5400+30:1800+30"]

1. e4 e5 2. Nf3 Nc6 3. Bb5 a6 4. Bxc6 dxc6 5. Nxe5 Qd4 6. Nf3 Qxe4+ 7. Qe2 Qxe2+ 8. Kxe2 Bf5 9. Re1 O-O-O 10. d3 Bb4 11. Nc3 Nf6 12. Bg5 Rde8+ 13. Kf1 Nd5 14. Rxe8+ Rxe8 15. Nxd5 cxd5 16. a3 Bd6 17. h3 h6 18. Bd2 c5 19. Ne1 Be5 20. c3 Re6 21. b4 d4 22. Rc1 b6 23. bxc5 bxc5 24. cxd4 Bxd4 25. Bc3 Kd7 26. Bxd4 cxd4 27. Rc5 Bg6 28. Rd5+ Rd6 29. Rxd6+ Kxd6 30. Ke2 f5 31. Nc2 Bh5+ 32. f3 Kc5 33. g4 Bg6 34. f4 h5 35. g5 a5 36. h4 Bf7 37. Ne1 Bd5 38. Kd2 Bc6 39. Nc2 Bd5 40. Ne1 Kb5 41. Kc2 Kc5 42. Kb2 Bh1 43. Kc2 Bc6 44. Kb2 Bb5 45. Kc2 Ba4+ 46. Kb2 Bd1 47. Kc1 Bg4 48. Kb2 Be2 49. Kc1 Kb5 50. Kb2 Ka4 51. Ka2 Bd1 52. Kb2 g6 53. Ka2 Kb5 54. Kb2 Kc5 55. Kc1 Be2 56. Kb2 Kb6 57. Kc1 Kb5 58. Kb2 Bf1 59. Kc1 Ka4 60. Kb2 Be2 61. Ka2 Bd1 62. Kb2 Kb5 63. Kc1 Be2 64. Kb2 Kc6 65. Kc1 Kd6 66. Kd2 Bg4 67. Kc1 Kd5 68. Kb2 Bd1 69. Kc1 Ba4 70. Kb2 Kd6 71. Kc1 Bc6 72. Kb2 Bh1 73. Kc1 Kd5 74. Kb2 Kc5 75. Kb3 Bc6 76. a4 Bb7 77. Nc2 Ba6 78. Ne1 Bb7 79. Nc2 Bd5+ 80. Ka3 Bf3 81. Kb3 Bd1 82. Kb2 Bxc2 83. Kxc2 Kb4 84. Kb2 Kxa4 85. Ka2 Kb4 86. Kb2 a4 87. Ka2 a3 88. Ka1 Kc3 89. Ka2 Kxd3 90. Kxa3 Kc2 91. Kb4 d3 92. Kc5 d2 93. Kd6 d1=Q+ 94. Ke6 Qd4 95. Kf7 Qd6 96. Kg7 Qe6 97. Kh6 Kc3 98. Kh7 Kc4 99. Kg7 Kd5 100. Kf8 Kd6 101. Kg7 Ke7 102. Kh7 Kf7 103. Kh6 Qe8 104. Kh7 Qg8+ 0-1

[Event "FIDE Zonal 4-2 Women 2023"]
[Site "Dimbroko"]
[Date "2023.03.27"]
[Round "2.1"]
[White "Yavo Tchetche, Marie"]
[Black "Rodriguez Guevara, Celia M."]
[Result "0-1"]
[ECO "E18"]
[WhiteElo "1413"]
[BlackElo "1777"]
[Annotator "NA RC COMBH"]
[PlyCount "63"]
[EventDate "2023.03.25"]
[EventType "swiss"]
[SourceTitle "playchess.com"]
[Source "ChessBase"]
[SourceQuality "1"]
[TimeControl "40/5400+30:1800+30"]

1. c4 Nf6 2. Nf3 e6 3. g3 d5 4. cxd5 exd5 5. d4 Be7 6. Bg2 O-O 7. O-O b6 8. Nc3 Bb7 9. Qc2 c5 10. Re1 Nbd7 11. Bd2 Re8 12. Rac1 Rc8 13. Qb1 Ne4 14. Bf4 Ndf6 15. Red1 cxd4 16. Nxd4 Bc5 17. Nxe4 Nxe4 18. b4 Bxd4 19. Rxd4 Nc3 20. Rxc3 Rxc3 21. Qd1 Qc8 22. Bxd5 Bxd5 23. Rxd5 Rc2 24. Rd7 Rcxe2 25. Be3 Rxa2 26. Qd5 Ra1+ 27. Kg2 Qa8 28. Qxa8 Rxa8 29. Bf4 h6 30. h4 Rb1 31. Rd4 Rb3 32. Rd3 0-1

[Event "FIDE Zonal 4-2 Women 2023"]
[Site "Dimbroko"]
[Date "2023.03.27"]
[Round "2.2"]
[White "Benson, Maud"]
[Black "Abigail Karyah"]
[Result "1/2-1/2"]
[ECO "E07"]
[WhiteElo "1381"]
[BlackElo "1620"]
[Annotator "NA RC COMBH"]
[PlyCount "111"]
[EventDate "2023.03.25"]
[EventType "swiss"]
[SourceTitle "playchess.com"]
[Source "ChessBase"]
[SourceQuality "1"]
[TimeControl "40/5400+30:1800+30"]

1. d4 d5 2. g3 Nf6 3. Bg2 e6 4. Nf3 Be7 5. O-O O-O 6. Nbd2 Nbd7 7. c4 b6 8. Qc2 Bb7 9. Ne5 c5 10. e3 Qc7 11. Nxd7 Qxd7 12. b3 cxd4 13. exd4 Rac8 14. Bb2 Ba6 15. Rfc1 dxc4 16. bxc4 Bb4 17. Nf3 Rxc4 18. Qb3 Rxc1+ 19. Rxc1 Bd6 20. Ne5 Bxe5 21. dxe5 Nd5 22. Ba3 Rc8 23. Rxc8+ Bxc8 24. Bd6 Bb7 25. Qa3 a6 26. Qb3 b5 27. Qa3 Nb6 28. Bxb7 Qxb7 29. Qc5 Nd5 30. a3 a5 31. f4 Qb6 32. Qxb6 Nxb6 33. Kf2 f6 34. Ke2 Kf7 35. Kd3 Nd5 36. Kd4 Kg6 37. exf6 gxf6 38. h3 h5 39. Ke4 Nb6 40. g4 Nc4 41. Bc5 hxg4 42. hxg4 e5 43. Kf3 exf4 44. Kxf4 Ne5 45. Bb6 Nc4 46. Bc5 Ne5 47. Bb6 b4 48. Bxa5 bxa3 49. Bc3 Nc4 50. Ke4 Kg5 51. Kd3 Nd6 52. Kc2 Nb5 53. Ba1 Nd6 54. Kb3 Nf7 55. Bxf6+ Kxf6 56. Kxa3 1/2-1/2

[Event "FIDE Zonal 4-2 Women 2023"]
[Site "Dimbroko"]
[Date "2023.03.27"]
[Round "2.3"]
[White "Ayemou Mazan Emmanuela Esther"]
[Black "Ayemou Akissi Victoire Sinchie"]
[Result "1-0"]
[ECO "C50"]
[WhiteElo "1556"]
[BlackElo "1177"]
[Annotator "NA RC COMBH"]
[PlyCount "39"]
[EventDate "2023.03.25"]
[EventType "swiss"]
[SourceTitle "playchess.com"]
[Source "ChessBase"]
[SourceQuality "1"]
[TimeControl "40/5400+30:1800+30"]

1. e4 e5 2. Nf3 Nc6 3. Bc4 Bc5 4. O-O Nf6 5. d3 O-O 6. Bg5 h6 7. Bh4 d6 8. h3 Re8 9. Nc3 Be6 10. Nd5 g5 11. Bg3 Bxd5 12. exd5 Ne7 13. Bb5 c6 14. dxc6 bxc6 15. Ba4 Rb8 16. Bb3 Qb6 17. Qd2 a5 18. Nxg5 hxg5 19. Qxg5+ Ng6 20. Qxg6+ 1-0

[Event "FIDE Zonal 4-2 Women 2023"]
[Site "Dimbroko"]
[Date "2023.03.27"]
[Round "2.4"]
[White "Marochkina, Nadezhda Valerevna"]
[Black "Princess K. Banney"]
[Result "1-0"]
[ECO "D02"]
[WhiteElo "1689"]
[BlackElo "1061"]
[Annotator "NA RC COMBH"]
[PlyCount "79"]
[EventDate "2023.03.25"]
[EventType "swiss"]
[SourceTitle "playchess.com"]
[Source "ChessBase"]
[SourceQuality "1"]
[TimeControl "40/5400+30:1800+30"]

1. d4 d5 2. c4 Nf6 3. Nf3 Bg4 4. Ne5 Bh5 5. Qb3 b6 6. e3 e6 7. Nc3 Bd6 8. Qb5+ Nfd7 9. Nxd7 Qxd7 10. cxd5 O-O 11. dxe6 Qxb5 12. exf7+ Bxf7 13. Nxb5 Bb4+ 14. Bd2 Bxd2+ 15. Kxd2 Na6 16. Nc3 Nb4 17. Be2 Rad8 18. a3 Nd5 19. b4 Nxc3 20. Kxc3 Bd5 21. f3 Rc8 22. e4 Bf7 23. Bc4 c5 24. Bxf7+ Rxf7 25. bxc5 bxc5 26. d5 Rd7 27. Rab1 Kf7 28. Kc4 Ke7 29. e5 Rdd8 30. Rb7+ Rd7 31. Rhb1 Rcd8 32. Rxd7+ Rxd7 33. Kxc5 Rc7+ 34. Kd4 Kf7 35. Rb2 Kg6 36. f4 Kf5 37. g3 g5 38. fxg5 Kxg5 39. d6 Rd7 40. Kd5 1-0

[Event "FIDE Zonal 4-2 Women 2023"]
[Site "Dimbroko"]
[Date "2023.03.27"]
[Round "3.1"]
[White "Rodriguez Guevara, Celia M."]
[Black "Ayemou Mazan Emmanuela Esther"]
[Result "0-1"]
[ECO "C54"]
[WhiteElo "1777"]
[BlackElo "1556"]
[Annotator "NA RC COMBH"]
[PlyCount "52"]
[EventDate "2023.03.25"]
[EventType "swiss"]
[SourceTitle "playchess.com"]
[Source "ChessBase"]
[SourceQuality "1"]
[TimeControl "40/5400+30:1800+30"]

1. e4 e5 2. Nf3 Nc6 3. Bc4 Bc5 4. c3 Nf6 5. d3 O-O 6. O-O h6 7. h3 d6 8. Bb3 Be6 9. Bc2 d5 10. Nbd2 Bb6 11. Re1 Nd7 12. Nf1 dxe4 13. dxe4 Qf6 14. Ng3 Qg6 15. Nh4 Qxg3 16. Nf5 Bxf5 17. exf5 Bxf2+ 18. Kh1 Bxe1 19. Qxd7 Qf2 20. Qd3 Rad8 21. Qe4 Bd2 22. f6 Qf1+ 23. Kh2 Qf4+ 24. Qxf4 exf4 25. fxg7 Rfe8 26. Bxd2 Rxd2 0-1

[Event "FIDE Zonal 4-2 Women 2023"]
[Site "Dimbroko"]
[Date "2023.03.27"]
[Round "3.2"]
[White "Abigail Karyah"]
[Black "Marochkina, Nadezhda Valerevna"]
[Result "0-1"]
[ECO "B18"]
[WhiteElo "1620"]
[BlackElo "1689"]
[Annotator "NA RC COMBH"]
[PlyCount "82"]
[EventDate "2023.03.25"]
[EventType "swiss"]
[SourceTitle "playchess.com"]
[Source "ChessBase"]
[SourceQuality "1"]
[TimeControl "40/5400+30:1800+30"]

1. e4 c6 2. d4 d5 3. Nc3 dxe4 4. Nxe4 Bf5 5. Ng3 Bg6 6. Nf3 e6 7. Be2 Nf6 8. Be3 Nbd7 9. Qd2 Nd5 10. c3 N7f6 11. h3 Bd6 12. Ne5 Qc7 13. f4 Ne4 14. Nxe4 Bxe4 15. O-O O-O 16. Bd3 Bxd3 17. Qxd3 Rad8 18. Qd2 c5 19. Rad1 Nxe3 20. Qxe3 cxd4 21. cxd4 Qa5 22. Qb3 Bc7 23. a3 Bb6 24. Nf3 Qf5 25. Qe3 Rd5 26. Rd2 Rfd8 27. Rfd1 Bc7 28. Ne5 h6 29. g4 Qf6 30. g5 Qf5 31. gxh6 g6 32. Qg3 Kh7 33. h4 f6 34. Qc3 Bb8 35. Nd3 Rxd4 36. Nf2 Rxd2 37. Rxd2 Rxd2 38. Qxd2 Bxf4 39. Qd7+ Kxh6 40. Qe8 Kh5 41. Qh8+ Bh6 0-1

[Event "FIDE Zonal 4-2 Women 2023"]
[Site "Dimbroko"]
[Date "2023.03.27"]
[Round "3.3"]
[White "Ayemou Akissi Victoire Sinchie"]
[Black "Benson, Maud"]
[Result "0-1"]
[ECO "B07"]
[WhiteElo "1177"]
[BlackElo "1381"]
[Annotator "NA RC COMBH"]
[PlyCount "72"]
[EventDate "2023.03.25"]
[EventType "swiss"]
[SourceTitle "playchess.com"]
[Source "ChessBase"]
[SourceQuality "1"]
[TimeControl "40/5400+30:1800+30"]

1. e4 d6 2. d4 Nf6 3. Nc3 c6 4. Nf3 Qc7 5. Bd3 Nbd7 6. O-O e5 7. Be3 Be7 8. Re1 Nf8 9. Qd2 Ng6 10. a3 O-O 11. Bf1 Bg4 12. Be2 Rfd8 13. Ng5 h6 14. Bxg4 Nxg4 15. Nh3 Qd7 16. dxe5 dxe5 17. Qxd7 Rxd7 18. f3 Nxe3 19. Rxe3 Bc5 20. Rae1 Bxe3+ 21. Rxe3 Rd2 22. Re2 Rxe2 23. Nxe2 Rd8 24. Kf1 Rd2 25. Nf2 Rxc2 26. Nd3 Nf4 27. Nexf4 exf4 28. a4 g5 29. b4 Kf8 30. Nc5 b6 31. Nd7+ Ke7 32. Ne5 c5 33. bxc5 Rxc5 34. Nd3 Rc4 35. Nb2 Rc1+ 36. Ke2 Rc2+ 0-1

[Event "FIDE Zonal 4-2 Women 2023"]
[Site "Dimbroko"]
[Date "2023.03.27"]
[Round "3.4"]
[White "Kouassi Edichy Berenice"]
[Black "Yavo Tchetche, Marie"]
[Result "0-1"]
[ECO "E68"]
[WhiteElo "1128"]
[BlackElo "1413"]
[Annotator "NA RC COMBH"]
[PlyCount "62"]
[EventDate "2023.03.25"]
[EventType "swiss"]
[SourceTitle "playchess.com"]
[Source "ChessBase"]
[SourceQuality "1"]
[TimeControl "40/5400+30:1800+30"]

1. d4 Nf6 2. c4 g6 3. Nf3 Bg7 4. g3 O-O 5. Bg2 d6 6. O-O Nbd7 7. Re1 Re8 8. Nc3 e5 9. e4 exd4 10. Nxd4 Nc5 11. b3 Ng4 12. f3 Ne5 13. Be3 a5 14. Qd2 a4 15. Ndb5 Ned3 16. Red1 c6 17. Bxc5 dxc5 18. Nd6 Qxd6 19. Qxd3 Qxd3 20. Rxd3 axb3 21. Rad1 bxa2 22. Nxa2 Bd4+ 23. Kf1 Rxa2 24. R3d2 Rxd2 25. Rxd2 Be6 26. Rc2 b5 27. cxb5 cxb5 28. Ke1 b4 29. f4 b3 30. Rd2 Bc3 31. Kd1 Bxd2 0-1

[Event "FIDE Zonal 4-2 Women 2023"]
[Site "Dimbroko"]
[Date "2023.03.27"]
[Round "3.5"]
[White "Princess K. Banney"]
[Black "Oyenga, Justine Anassika"]
[Result "1-0"]
[ECO "B01"]
[WhiteElo "1061"]
[BlackElo "1187"]
[Annotator "NA RC COMBH"]
[PlyCount "66"]
[EventDate "2023.03.25"]
[EventType "swiss"]
[SourceTitle "playchess.com"]
[Source "ChessBase"]
[SourceQuality "1"]
[TimeControl "40/5400+30:1800+30"]

1. e4 d5 2. exd5 Qxd5 3. Nc3 Qa5 4. Nf3 Nf6 5. d3 c6 6. Bg5 Nbd7 7. Be2 Qb4 8. Rb1 e6 9. O-O Be7 10. a3 Qb6 11. Ne4 Nxe4 12. dxe4 O-O 13. Bxe7 Re8 14. Bb4 a5 15. Bc3 Nf6 16. Bxf6 gxf6 17. Bd3 Rd8 18. e5 f5 19. Qd2 Kh8 20. Qh6 Rg8 21. Ng5 Rg7 22. Qf6 Qc7 23. Rbe1 b6 24. Re3 Bb7 25. Rh3 Kg8 26. Qh6 Qxe5 27. Nxh7 c5 28. Nf6+ Kf8 29. Qh8+ Ke7 30. Qxg7 Qxf6 31. Qxf6+ Kxf6 32. Re1 Rg8 33. g3 f4 1-0

[Event "FIDE Zonal 4-2 Women 2023"]
[Site "Dimbroko"]
[Date "2023.03.27"]
[Round "4.1"]
[White "Ayemou Mazan Emmanuela Esther"]
[Black "Benson, Maud"]
[Result "0-1"]
[ECO "E90"]
[WhiteElo "1556"]
[BlackElo "1381"]
[Annotator "NA RC COMBH"]
[PlyCount "64"]
[EventDate "2023.03.25"]
[EventType "swiss"]
[EventCountry "IVO"]
[SourceTitle "playchess.com"]
[Source "ChessBase"]
[SourceQuality "1"]
[TimeControl "40/5400+30:1800+30"]

1. e4 d6 2. d4 Nf6 3. Bd3 g6 4. Nf3 Bg7 5. c4 O-O 6. O-O Nbd7 7. Nc3 a5 8. Re1 e5 9. dxe5 dxe5 10. Bg5 h6 11. Bh4 c6 12. h3 Qe7 13. Qe2 g5 14. Bg3 Nh5 15. Bh2 Nf4 16. Bxf4 gxf4 17. Kh2 Nc5 18. Bc2 Ne6 19. Rg1 Ng5 20. Nxg5 Qxg5 21. g3 Rd8 22. Rg2 Rd2 23. Qxd2 fxg3+ 24. Rxg3 Qxd2 25. Rag1 Qxc2 26. Rxg7+ Kf8 27. Rh7 Qxf2+ 28. Rg2 Qf4+ 29. Rg3 Ke7 30. Rh8 b6 31. Na4 Bb7 32. Rh7 Rg8 0-1

[Event "FIDE Zonal 4-2 Women 2023"]
[Site "Dimbroko"]
[Date "2023.03.27"]
[Round "4.2"]
[White "Marochkina, Nadezhda Valerevna"]
[Black "Rodriguez Guevara, Celia M."]
[Result "1-0"]
[ECO "D37"]
[WhiteElo "1689"]
[BlackElo "1777"]
[Annotator "NA RC COMBH"]
[PlyCount "59"]
[EventDate "2023.03.25"]
[EventType "swiss"]
[EventCountry "IVO"]
[SourceTitle "playchess.com"]
[Source "ChessBase"]
[SourceQuality "1"]
[TimeControl "40/5400+30:1800+30"]

1. d4 d5 2. c4 e6 3. Bf4 Nf6 4. e3 Be7 5. Nf3 Nbd7 6. Nc3 a6 7. Qb3 dxc4 8. Qxc4 c6 9. Be2 O-O 10. O-O Nb6 11. Qb3 Nbd5 12. Bg3 Nh5 13. Rac1 Nxg3 14. hxg3 Qa5 15. Rfd1 Rd8 16. Bc4 Rb8 17. e4 Nf6 18. d5 b5 19. dxe6 bxc4 20. Rxd8+ Qxd8 21. exf7+ Kf8 22. Qxb8 Be6 23. Qxd8+ Bxd8 24. Ne5 Bc7 25. Nxc6 Kxf7 26. Nd4 a5 27. Nxe6 Kxe6 28. Na4 Bd6 29. Rxc4 Ke5 30. f4+ 1-0

[Event "FIDE Zonal 4-2 Women 2023"]
[Site "Dimbroko"]
[Date "2023.03.27"]
[Round "4.3"]
[White "Yavo Tchetche, Marie"]
[Black "Abigail Karyah"]
[Result "1/2-1/2"]
[ECO "A13"]
[WhiteElo "1413"]
[BlackElo "1620"]
[Annotator "NA RC COMBH"]
[PlyCount "130"]
[EventDate "2023.03.25"]
[EventType "swiss"]
[EventCountry "IVO"]
[SourceTitle "playchess.com"]
[Source "ChessBase"]
[SourceQuality "1"]
[TimeControl "40/5400+30:1800+30"]

1. c4 e6 2. e3 Nf6 3. Nf3 Be7 4. g3 d5 5. cxd5 exd5 6. Bg2 O-O 7. O-O c6 8. b3 Bf5 9. d3 h6 10. Bb2 Nbd7 11. Nc3 Re8 12. Re1 Bf8 13. d4 Ne4 14. Nh4 Nxc3 15. Bxc3 Bh7 16. Nf3 Bd6 17. Nd2 Nf6 18. f3 Qb6 19. Kh1 Bb4 20. Qc1 Bxc3 21. Qxc3 Rad8 22. a3 Re7 23. b4 Rde8 24. Nb3 Qb5 25. a4 Qd3 26. Qxd3 Bxd3 27. Nc5 Bh7 28. Ra3 b6 29. Na6 Bf5 30. b5 cxb5 31. axb5 Bc8 32. Nb4 Rc7 33. Bf1 Bd7 34. Nc6 Ra8 35. Rc3 Kf8 36. e4 a6 37. e5 Ne8 38. Rec1 axb5 39. Bxb5 Bxc6 40. Rxc6 Rac8 41. Kg2 Ke7 42. Kf2 Kd8 43. Ke3 Ra8 44. Bd3 Ra3 45. Rxc7 Nxc7 46. Rc6 b5 47. f4 b4 48. f5 Ra2 49. e6 fxe6 50. fxe6 Ne8 51. Rc5 Nf6 52. h4 Ke7 53. Rb5 Kxe6 54. Rxb4 Ra7 55. Kf4 Kf7 56. g4 g6 57. g5 hxg5+ 58. Kxg5 Ne4+ 59. Bxe4 dxe4 60. Kf4 Ra3 61. Kxe4 Rh3 62. Rb7+ Kf6 63. Rh7 Rh1 64. d5 Re1+ 65. Kd4 Ra1 1/2-1/2

[Event "FIDE Zonal 4-2 Women 2023"]
[Site "Dimbroko"]
[Date "2023.03.27"]
[Round "4.4"]
[White "Oyenga, Justine Anassika"]
[Black "Kouassi Edichy Berenice"]
[Result "0-1"]
[ECO "B01"]
[WhiteElo "1187"]
[BlackElo "1128"]
[Annotator "NA RC COMBH"]
[PlyCount "102"]
[EventDate "2023.03.25"]
[EventType "swiss"]
[EventCountry "IVO"]
[SourceTitle "playchess.com"]
[Source "ChessBase"]
[SourceQuality "1"]
[TimeControl "40/5400+30:1800+30"]

1. e4 d5 2. exd5 Nf6 3. c4 g6 4. Nc3 Bg7 5. Nf3 O-O 6. Be2 c6 7. Qb3 cxd5 8. cxd5 Qa5 9. O-O Rd8 10. Bc4 Nbd7 11. d4 Nb6 12. Re1 Nxc4 13. Qxc4 Nxd5 14. Nxd5 Rxd5 15. Bd2 Qd8 16. Bc3 Bg4 17. Ne5 Be6 18. Qe2 Rc8 19. Rad1 b5 20. Rd3 a5 21. b3 b4 22. Bb2 Bf5 23. Re3 Rc2 24. Qf1 Rxb2 25. Nc6 Qd6 26. Nxe7+ Kh8 27. Nxd5 Bxd4 28. Rf3 Qxd5 29. Rf4 Rxa2 30. Rd1 Be4 31. Rxd4 Qg5 32. Rdxe4 a4 33. h4 Qd5 34. Re1 Qxb3 35. Re8+ Kg7 36. Rb8 Qc3 37. Rbxb4 Ra1 38. Qxa1 Qxa1+ 39. Kh2 a3 40. Rb7 a2 41. Rbxf7+ Kh6 42. g4 g5 43. hxg5+ Kg6 44. Ra7 Qe5 45. Kg3 Kxg5 46. Rg7+ Qxg7 47. Rf5+ Kg6 48. f4 a1=Q 49. Rg5+ Kf7 50. Rxg7+ Qxg7 51. f5 Kf6 0-1

[Event "FIDE Zonal 4-2 Women 2023"]
[Site "Dimbroko"]
[Date "2023.03.27"]
[Round "5.1"]
[White "Benson, Maud"]
[Black "Marochkina, Nadezhda Valerevna"]
[Result "1-0"]
[ECO "D02"]
[WhiteElo "1381"]
[BlackElo "1689"]
[Annotator "NA RC COMBH"]
[PlyCount "91"]
[EventDate "2023.03.25"]
[EventType "swiss"]
[EventCountry "IVO"]
[SourceTitle "playchess.com"]
[Source "ChessBase"]
[SourceQuality "1"]
[TimeControl "40/5400+30:1800+30"]

1. d4 d5 2. g3 Bf5 3. Bg2 Nf6 4. Nf3 e6 5. O-O c5 6. c4 dxc4 7. Qa4+ Nbd7 8. Ne5 Qc8 9. dxc5 Bxc5 10. Nxd7 Nxd7 11. Rd1 Rb8 12. Nc3 a6 13. e4 b5 14. Qc2 Bg6 15. Qd2 Ne5 16. Qe2 O-O 17. Bf4 f6 18. Kh1 Nd3 19. Rxd3 cxd3 20. Qxd3 e5 21. Be3 Rd8 22. Nd5 Bf8 23. Qb3 Bf7 24. Rc1 Qb7 25. Qd3 Rbc8 26. Rd1 Bxd5 27. exd5 Bd6 28. Bh3 Rc7 29. Bf5 h6 30. Be6+ Kh8 31. Qg6 Rf8 32. Bf5 Kg8 33. Bxh6 Qa7 34. Qh7+ Kf7 35. Qxg7+ Ke8 36. Qg6+ Rff7 37. Be3 Qb7 38. Be6 a5 39. Bxf7+ Rxf7 40. Qg8+ Ke7 41. Qg4 f5 42. Qg6 Qc7 43. Qe6+ Kf8 44. Rc1 Qe7 45. Rc8+ Kg7 46. Qh6# 1-0

[Event "FIDE Zonal 4-2 Women 2023"]
[Site "Dimbroko"]
[Date "2023.03.27"]
[Round "5.2"]
[White "Ayemou Mazan Emmanuela Esther"]
[Black "Yavo Tchetche, Marie"]
[Result "0-1"]
[ECO "C01"]
[WhiteElo "1556"]
[BlackElo "1413"]
[Annotator "NA RC COMBH"]
[PlyCount "124"]
[EventDate "2023.03.25"]
[EventType "swiss"]
[EventCountry "IVO"]
[SourceTitle "playchess.com"]
[Source "ChessBase"]
[SourceQuality "1"]
[TimeControl "40/5400+30:1800+30"]

1. e4 e6 2. d4 d5 3. exd5 exd5 4. Nf3 Nf6 5. Bd3 Bd6 6. O-O O-O 7. c3 c6 8. h3 h6 9. Re1 Re8 10. Ne5 Nbd7 11. Bf4 Qc7 12. Qe2 Nxe5 13. dxe5 Nd7 14. Nd2 Nxe5 15. Nf3 Nxf3+ 16. Qxf3 Bd7 17. Bd2 Rxe1+ 18. Rxe1 Re8 19. Rxe8+ Bxe8 20. Qf5 g6 21. Qf3 Bf8 22. Bf4 Qe7 23. Be3 a6 24. c4 dxc4 25. Bxc4 Bg7 26. Qg4 Kh7 27. b3 b5 28. Bd3 Qd6 29. Qe4 Bd7 30. Bf4 Qd5 31. Qxd5 cxd5 32. Kf1 Bd4 33. Ke2 Kg7 34. Be3 Bc3 35. a4 bxa4 36. bxa4 Bxa4 37. Bxa6 Bc2 38. Bb7 d4 39. Bf4 d3+ 40. Kf1 d2 41. Bxd2 Bxd2 42. g4 Kf6 43. Bd5 Bd3+ 44. Kg2 g5 45. f3 Ke7 46. Ba8 Kd6 47. Bb7 Ke5 48. Bc8 Kf4 49. Bb7 Ke3 50. Bd5 f6 51. Bc6 Ke2 52. h4 gxh4 53. Kh3 Be1 54. f4 Bg3 55. Bd7 Kf2 56. g5 hxg5 57. fxg5 fxg5 58. Kg4 Bf4 59. Bc6 Be2+ 60. Kh3 Bf1+ 61. Kg4 h3 62. Bh1 h2 0-1

[Event "FIDE Zonal 4-2 Women 2023"]
[Site "Dimbroko"]
[Date "2023.03.27"]
[Round "5.3"]
[White "Abigail Karyah"]
[Black "Princess K. Banney"]
[Result "1-0"]
[ECO "C62"]
[WhiteElo "1620"]
[BlackElo "1061"]
[Annotator "NA RC COMBH"]
[PlyCount "115"]
[EventDate "2023.03.25"]
[EventType "swiss"]
[EventCountry "IVO"]
[SourceTitle "playchess.com"]
[Source "ChessBase"]
[SourceQuality "1"]
[TimeControl "40/5400+30:1800+30"]

1. e4 e5 2. Nf3 Nc6 3. Bb5 d6 4. Bxc6+ bxc6 5. d4 Bg4 6. dxe5 dxe5 7. Qxd8+ Rxd8 8. Nbd2 Bd6 9. O-O Nf6 10. Re1 O-O 11. h3 Bh5 12. g4 Bg6 13. Nh4 Bb4 14. Nxg6 fxg6 15. c3 Bc5 16. Nb3 Bb6 17. Be3 Ne8 18. Nc5 Bxc5 19. Bxc5 Rf3 20. Kg2 Rdd3 21. Bxa7 Rxh3 22. Be3 Rh4 23. Kg3 Rh6 24. Rad1 Rxd1 25. Rxd1 g5 26. Bxg5 Rd6 27. Rxd6 cxd6 28. Bd8 Kf7 29. a4 Ke6 30. a5 Kd7 31. Bb6 Kc8 32. f4 Kb7 33. b4 Ka6 34. c4 Nf6 35. fxe5 dxe5 36. Kf3 g6 37. g5 Nd7 38. Bc7 Kb7 39. Bd6 Ka6 40. Ke3 c5 41. bxc5 Kxa5 42. c6 Nb6 43. Bc7 Ka6 44. Bxb6 Kxb6 45. Kd3 Kxc6 46. Kc3 Kc5 47. Kb3 Kb6 48. Kb4 Kc6 49. c5 Kc7 50. Kb5 Kb7 51. c6+ Kc7 52. Kc5 Kc8 53. Kd6 Kd8 54. Kxe5 Kc7 55. Kf6 Kxc6 56. e5 Kd7 57. Kf7 Kd8 58. e6 1-0